 Dungeon Crawl Stone Soup version 0.21.1-1-g345015fe64 (webtiles) character file.

1043 KleinerIrrer the Grappler (level 8, -10/75 HPs)
             Began as a Troll Hunter on Apr 4, 2018.
             Was an Initiate of Cheibriados.
             Mangled by an ogre
             ... wielding a +0 giant spiked club
              (20 damage)
             ... on level 5 of the Dungeon.
             The game lasted 00:00:58 (3623 turns).

KleinerIrrer the Grappler (Troll Hunter)            Turns: 3623, Time: 00:00:59

Health: -10/75     AC:  3    Str: 24    XL:     8   Next: 4%
Magic:  7/7        EV:  9    Int:  8    God:    Cheibriados [......]
Gold:   182        SH:  3    Dex: 11    Spells: 7/7 levels left

rFire    . . .     SeeInvis .     - Unarmed
rCold    . . .     Gourm    +   (no shield)
rNeg     . . .     Faith    .   g - -2 robe (curse)
rPois    .         Spirit   .   (helmet restricted)
rElec    .         Reflect  +   (no cloak)
rCorr    .         Harm     .   (gloves unavailable)
MR       .....                  (boots unavailable)
Stlth    +.........             h - +3 amulet of reflection
HPRegen  0.62/turn              (no ring)
MPRegen  0.10/turn              (no ring)

@: lethally poisoned (-10 -> -11), drained, very slow
A: large, unfitting armour, claws 3, fast metabolism 3, gourmand, regeneration
1, shaggy fur 1, tough skin 2
a: Bend Time, Renounce Religion


You were on level 5 of the Dungeon.
You worshipped Cheibriados.
Cheibriados was noncommittal.
You were not hungry.

You visited 2 branches of the dungeon, and saw 6 of its levels.

You collected 182 gold pieces.


Innate Abilities, Weirdness & Mutations

You are too large for most types of armour.
You have claws for hands.
Your metabolism is lightning-fast.
You like to eat raw meat.
Your natural rate of healing is unusually fast.
You are covered in fur. (AC +1)
You have very tough skin. (AC +2)


   Skills:
 - Level 3.1(2.0) Fighting
 - Level 3.6(2.5) Throwing
 - Level 1.5(0.5) Dodging
 - Level 0.3(0.0) Stealth
 + Level 8.7(7.4) Unarmed Combat


You had 7 spell levels left.
You didn't know any spells.

Inventory:

Hand Weapons
 a - a +0 short sword
Missiles
 k - 2 large rocks (quivered)
 p - 3 javelins
Armour
 b - a +0 robe
 g - a cursed -2 robe (worn)
Jewellery
 h - a +3 amulet of reflection (around neck)
 m - an uncursed ring of ice
Wands
 d - a wand of random effects (32)
Scrolls
 c - a scroll of identify
Potions
 f - a potion of curing
 n - a potion of mutation
 o - 2 potions of might
Comestibles
 e - 11 rations

Dungeon Overview and Level Annotations

Branches:
Dungeon (5/15)             Temple (1/1) D:4

Altars:
Ashenzari
Cheibriados
Dithmenos
Elyvilon
Fedhas
Gozag
Hepliaklqana
Nemelex Xobeh
Okawaru
Qazlal
Ru
Uskayaw
Vehumet
Wu Jian
Xom
Yredelemnul
Zin
The Shining One

Annotations:
D:5 Dowan, Duvessa


Message History

You mangle the adder!!
You kill the adder!
Cheibriados appreciates the change of pace.
You claw the adder!
The adder is severely wounded.
Your surroundings suddenly seem different.
You feel sick.
You feel sick.
Dowan casts a spell.
Dowan blinks!
You mangle the scorpion!!
You kill the scorpion!
Cheibriados appreciates the change of pace.
You have reached level 8!
You feel sick.
You feel sick.
You scratch the ogre but do no damage.
The crimson imp shouts, "Take thy face hence, thou puking toenail-biting codpiece!"
The ogre hits you with a giant spiked club!!
You die...

...######.o....... .#$#..
#.o....... . ...#.##
#.o....... ..
......#####..Z...... ...
................... ..#:
..#..#e.?......... .#...#.
#.#5##.........
.......##..O##.........
#...#. #....##.@##.....$...
.#[#...#.#.......%..........
..#...#...#.##.###.#.......#
............#..# #.##.....##
.........(....####.# #.(..#
........h........... ....#
......lo............ .####
......o..............
........r............


You could see an ogre, Dowan and a crimson imp.

Vanquished Creatures
  Grinder (D:3)
  2 scorpions
  A water moccasin skeleton (D:5)
  4 wights
  A howler monkey (D:4)
  A centaur zombie (D:5)
  2 hounds (D:5)
  3 orc priests (D:3)
  A centaur skeleton (D:4)
  3 orc wizards
  2 iguanas
  A gnoll (D:1)
  7 adders
  An ooze (D:2)
  2 worms (D:2)
  3 dart slugs
  A leopard gecko (D:5)
  9 orcs
  2 giant cockroaches
  5 goblins
  8 hobgoblins
  4 jackals
  A quokka (D:2)
  2 ball pythons
  4 bats
  5 frilled lizards
  A jackal skeleton (D:5)
  8 kobolds
  3 rats
88 creatures vanquished.

Notes
Turn   | Place    | Note
-------+----------+-------------------------------------------
     0 | D:1      | KleinerIrrer the Troll Hunter began the quest for the Orb.
     0 | D:1      | Reached XP level 1. HP: 19/19 MP: 0/0
     0 | D:1      | 0 ||| counter = 36
    49 | D:1      | Reached skill level 1 in Unarmed Combat
    79 | D:1      | Reached XP level 2. HP: 27/27 MP: 1/1
   195 | D:1      | Reached skill level 2 in Unarmed Combat
   557 | D:1      | 557 ||| READING scroll labeled YSHODY KI JOO.
   561 | D:1      | 561 ||| READING scroll labeled XEAREU YMOGITS.
   562 | D:1      | 562 ||| READING 2 scrolls labeled ROOSUESCHUV.
   563 | D:1      | 563 ||| READING scroll labeled LIPACIULELI.
   564 | D:1      | 564 ||| DRINKING 2 bubbling purple potions.
   565 | D:1      | 565 ||| READING scroll of identify.
   565 | D:1      | 565 ||| IDENTIFYING glowing golden amulet
   566 | D:1      | 566 ||| UPGRADING to +3 amulet of reflection.
   567 | D:1      | 567 ||| DROPPING 2 throwing nets.
   587 | D:2      | Reached XP level 3. HP: 33/33 MP: 2/2
   615 | D:2      | Reached skill level 3 in Unarmed Combat
   889 | D:2      | Found a sacrificial altar of Ru.
  1244 | D:2      | 1244 ||| READING scroll labeled WECAMI ZEIGOE.
  1245 | D:2      | 1245 ||| READING scroll labeled XETAKHL APPU.
  1246 | D:2      | 1246 ||| READING 4 scrolls of identify.
  1246 | D:2      | 1246 ||| IDENTIFYING square cabochon amulet
  1247 | D:2      | 1247 ||| DROPPING amulet of regeneration.
  1248 | D:2      | 1248 ||| READING 3 scrolls of identify.
  1248 | D:2      | 1248 ||| IDENTIFYING glowing glass ring
  1249 | D:2      | 1249 ||| READING 2 scrolls of identify.
  1249 | D:2      | 1249 ||| IDENTIFYING tourmaline ring
  1250 | D:2      | 1250 ||| DROPPING cursed ring of teleportation.
  1366 | D:3      | Reached XP level 4. HP: 41/41 MP: 3/3
  1385 | D:3      | Found a radiant altar of Vehumet.
  1388 | D:3      | Found an opulent altar of Gozag.
  1388 | D:3      | Found a shimmering altar of Xom.
  1425 | D:3      | Found a glowing golden altar of the Shining One.
  1430 | D:3      | Found a shattered altar of Ashenzari.
  1478 | D:3      | Reached skill level 4 in Unarmed Combat
  1508 | D:3      | 1508 ||| STAIRDANCE
  1604 | D:3      | Reached XP level 5. HP: 48/48 MP: 4/4
  1625 | D:3      | Reached skill level 5 in Unarmed Combat
  1856 | D:3      | Noticed Grinder
  1870 | D:3      | Killed Grinder
  1870 | D:3      | Reached skill level 6 in Unarmed Combat
  1870 | D:3      | Reached XP level 6. HP: 49/57 MP: 5/5
  1876 | D:3      | 1876 ||| Stepping ~*~*~tactically~*~*~ (outnumbered).
  1881 | D:3      | 1881 ||| Stepping ~*~*~tactically~*~*~ (outnumbered).
  1882 | D:3      | 1882 ||| Stepping ~*~*~tactically~*~*~ (outnumbered).
  1911 | D:3      | 1911 ||| STAIRDANCE
  1944 | D:2      | 1944 ||| READING 3 scrolls of identify.
  1944 | D:2      | 1944 ||| IDENTIFYING white potion
  1945 | D:2      | 1945 ||| READING 2 scrolls of identify.
  1945 | D:2      | 1945 ||| IDENTIFYING grey potion
  1946 | D:2      | 1946 ||| DROPPING potion of brilliance.
  2214 | D:4      | Found a hazy altar of Hepliaklqana.
  2259 | D:4      | Reached skill level 7 in Unarmed Combat
  2348 | D:4      | Reached XP level 7. HP: 61/65 MP: 6/6
  2530 | D:4      | 2530 ||| Stepping ~*~*~tactically~*~*~ (outnumbered).
  2531 | D:4      | 2531 ||| Stepping ~*~*~tactically~*~*~ (outnumbered).
  2532 | D:4      | 2532 ||| Stepping ~*~*~tactically~*~*~ (outnumbered).
  2533 | D:4      | 2533 ||| Stepping ~*~*~tactically~*~*~ (outnumbered).
  2534 | D:4      | 2534 ||| Stepping ~*~*~tactically~*~*~ (outnumbered).
  2535 | D:4      | 2535 ||| Stepping ~*~*~tactically~*~*~ (outnumbered).
  2536 | D:4      | 2536 ||| Stepping ~*~*~tactically~*~*~ (outnumbered).
  2537 | D:4      | 2537 ||| Stepping ~*~*~tactically~*~*~ (outnumbered).
  2538 | D:4      | 2538 ||| Stepping ~*~*~tactically~*~*~ (outnumbered).
  2539 | D:4      | 2539 ||| Stepping ~*~*~tactically~*~*~ (outnumbered).
  2565 | D:4      | 2565 ||| STAIRDANCE
  2584 | D:3      | 2584 ||| UPGRADING to runed robe.
  2594 | D:3      | 2594 ||| READING 3 scrolls of identify.
  2594 | D:3      | 2594 ||| IDENTIFYING brown potion
  2595 | D:3      | 2595 ||| READING 2 scrolls of identify.
  2595 | D:3      | 2595 ||| IDENTIFYING murky yellow potion
  2596 | D:3      | 2596 ||| DROPPING potion of berserk rage.
  2721 | D:4      | 2721 ||| STAIRDANCE
  2773 | D:4      | Reached skill level 8 in Unarmed Combat
  2774 | D:4      | 2774 ||| STAIRDANCE
  2908 | D:4      | Found a snail-covered altar of Cheibriados.
  2916 | D:4      | Became a worshipper of Cheibriados the Contemplative
  3055 | D:4      | Found a staircase to the Ecumenical Temple.
  3065 | Temple   | Entered the Ecumenical Temple
  3066 | Temple   | 3066 ||| Entered T.
  3225 | Temple   | 3225 ||| READING 2 scrolls labeled POATAU MISCH.
  3226 | Temple   | 3226 ||| DROPPING scroll of fear.
  3413 | D:4      | Found a glowing golden altar of the Shining One.
  3482 | D:4      | 3482 ||| EATING 12 rations.
  3511 | D:4      | 3511 ||| READING 2 scrolls of identify.
  3511 | D:4      | 3511 ||| IDENTIFYING dark potion
  3544 | D:5      | Entered Level 5 of the Dungeon
  3544 | D:5      | Noticed Duvessa
  3544 | D:5      | Noticed Dowan
  3550 | D:5      | 3550 ||| Stepping ~*~*~tactically~*~*~ (outnumbered).
  3551 | D:5      | 3551 ||| Stepping ~*~*~tactically~*~*~ (outnumbered).
  3552 | D:5      | 3552 ||| Stepping ~*~*~tactically~*~*~ (outnumbered).
  3553 | D:5      | 3553 ||| Stepping ~*~*~tactically~*~*~ (outnumbered).
  3554 | D:5      | 3554 ||| Stepping ~*~*~tactically~*~*~ (outnumbered).
  3555 | D:5      | 3555 ||| Stepping ~*~*~tactically~*~*~ (outnumbered).
  3556 | D:5      | 3556 ||| Stepping ~*~*~tactically~*~*~ (outnumbered).
  3557 | D:5      | 3557 ||| Stepping ~*~*~tactically~*~*~ (outnumbered).
  3558 | D:5      | 3558 ||| Stepping ~*~*~tactically~*~*~ (outnumbered).
  3558 | D:5      | HP: 16/66 [poisoned by an adder]
  3559 | D:5      | 3559 ||| READING 2 scrolls of teleportation.
  3560 | D:5      | 3560 ||| DRINKING potion of heal wounds.
  3562 | D:5      | 3562 ||| Stepping ~*~*~tactically~*~*~ (outnumbered).
  3579 | D:5      | 3579 ||| Stepping ~*~*~tactically~*~*~ (outnumbered).
  3580 | D:5      | 3580 ||| Stepping ~*~*~tactically~*~*~ (outnumbered).
  3581 | D:5      | 3581 ||| Stepping ~*~*~tactically~*~*~ (outnumbered).
  3582 | D:5      | 3582 ||| Stepping ~*~*~tactically~*~*~ (outnumbered).
  3586 | D:5      | Reached skill level 3 in Fighting
  3588 | D:5      | 3588 ||| Stepping ~*~*~tactically~*~*~ (outnumbered).
  3590 | D:5      | 3590 ||| Stepping ~*~*~tactically~*~*~ (outnumbered).
  3591 | D:5      | 3591 ||| Stepping ~*~*~tactically~*~*~ (outnumbered).
  3594 | D:5      | 3594 ||| Stepping ~*~*~tactically~*~*~ (outnumbered).
  3595 | D:5      | 3595 ||| Stepping ~*~*~tactically~*~*~ (outnumbered).
  3596 | D:5      | 3596 ||| Stepping ~*~*~tactically~*~*~ (outnumbered).
  3597 | D:5      | 3597 ||| Stepping ~*~*~tactically~*~*~ (outnumbered).
  3598 | D:5      | 3598 ||| Stepping ~*~*~tactically~*~*~ (outnumbered).
  3599 | D:5      | 3599 ||| Stepping ~*~*~tactically~*~*~ (outnumbered).
  3600 | D:5      | 3600 ||| Stepping ~*~*~tactically~*~*~ (outnumbered).
  3602 | D:5      | 3602 ||| Stepping ~*~*~tactically~*~*~ (outnumbered).
  3612 | D:5      | HP: 14/67 [centaur zombie (7)]
  3613 | D:5      | 3613 ||| READING scroll of teleportation.
  3618 | D:5      | HP: 8/67 [poisoned by an adder]
  3620 | D:5      | Reached XP level 8. HP: 9/75 MP: 7/7
  3623 | D:5      | Mangled by an ogre

Vault maps used:
D:1:      saegor_arrival_simple_c
D:2:      lemuel_doored_altar, serial_bayou_crossing
D:3:      minmay_overflow_temple_star_hex, uniq_grinder
D:4:      overflow_temple_1_default, old_standard_altar, temple_hall,
          first_ration, st_stairs_14, lemuel_tele_altar
D:5:      cheibrodos_fzero, lemuel_crystal_altar,
          eino_small_chamber_without_monster, uniq_duvessa
Temple:   chequers_temple_sunken

Skill      XL: |  1  2  3  4  5  6  7 |
---------------+----------------------+-----
Unarmed Combat | 1 2 3 4 6 7 8 |  8.7
Fighting       | 2 3 |  3.1
Throwing       | |  3.6
Dodging        | |  1.5
Stealth        | |  0.3

Action                   |  1- 3 |  4- 6 |  7- 9 || total
-------------------------+-------+-------+-------++-------
Melee: Unarmed           |    64 |   108 |    89 ||   261
       Punch             |     1 |     6 |     1 ||     8
Throw: Large rock        |    31 |    17 |     6 ||    54
       Javelin           |       |     1 |       ||     1
  Use: Scroll            |    10 |     2 |     6 ||    18
       Potion            |     1 |       |     1 ||     2
  Eat: Chunk             |    18 |     9 |     3 ||    30
       Ration            |       |       |     1 ||     1
Armor: Robe              |    13 |    22 |    29 ||    64
Dodge: Dodged            |    20 |    39 |    54 ||   113
Block: Other             |     5 |     7 |    16 ||    28

Table legend:
 A = Spawn XP
 B = Non-spawn XP
 C = Spawn XP percentage of total XP
 D = Spawn monster count
 E = Non-spawn monster count
 F = Spawn count percentage of total count
 G = Total turns spent on level
                    A         B        C        D         E        F      G
               +---------+---------+-------+---------+---------+-------+---------
         Total |       0 |    1491 |   0.0 |       0 |      88 |   0.0 |  3623
               +---------+---------+-------+---------+---------+-------+---------
           D:1 |       0 |      38 |   0.0 |       0 |      16 |   0.0 |   577
           D:2 |       0 |      56 |   0.0 |       0 |      18 |   0.0 |   743
           D:3 |       0 |     595 |   0.0 |       0 |      29 |   0.0 |   978
           D:4 |       0 |     477 |   0.0 |       0 |      15 |   0.0 |  1078
           D:5 |       0 |     325 |   0.0 |       0 |      10 |   0.0 |    79
               +---------+---------+-------+---------+---------+-------+---------
